 Dungeon Crawl Stone Soup version 0.17.1-1-g73c8601 (webtiles) character file.

1939 Clownie the Covert (level 9, 0/54 HPs)
             Began as an Octopode Assassin on Jan 7, 2016.
             Was an Initiate of Gozag.
             Shot with an arrow by a centaur (9 damage)
             ... on level 5 of the Dungeon.
             The game lasted 00:07:54 (6078 turns).

Clownie the Covert (Octopode Assassin)              Turns: 6078, Time: 00:07:54

Health: 0/54       AC:  1    Str: 10    XL:     9   Next: 18%
Magic:  9/9        EV: 17    Int: 13    God:    Gozag
Gold:   519        SH:  0    Dex: 17    Spells: 0 memorised, 8 levels left

rFire  . . .     SeeInvis .     b - +0 blowgun
rCold  + . .     Clarity  .     (no shield)
rNeg   . . .     SustAt   .     (helmet restricted)
rPois  .         Gourm    .     (no amulet)
rElec  .         Spirit   .     B - ring of protection from cold
rCorr  .         Warding  .     (no ring)
rMut   .         Stasis   .     (no ring)
MR     .....                    (no ring)
Stlth  ++++++....               (no ring)
                                (no ring)
                                (no ring)
                                (no ring)

@: very slightly contaminated, hasted, very quick, not resistant to hostile
enchantments, very stealthy
A: almost no armour, amphibious, 8 rings, constrict 8, camouflage 1, gelatinous
body 1
a: Potion Petition, Call Merchant, Bribe Branch, Renounce Religion


You were on level 5 of the Dungeon.
You worshipped Gozag.
Gozag was noncommittal.
You were very hungry.

You visited 1 branch of the dungeon, and saw 7 of its levels.

You collected 566 gold pieces.
You paid 47 gold pieces to Gozag.

Inventory:

Hand Weapons
 a - a +2 dagger
 b - a +0 blowgun (weapon)
 D - a +0 dagger of freezing
Missiles
 c - 3 poisoned needles (quivered)
 o - a throwing net
Jewellery
 B - a ring of protection from cold (left tentacle)
 C - a cursed ring of loudness {unknown}
Wands
 n - a wand of enslavement (2)
 t - a wand of draining (6)
 w - a wand of draining (12)
 y - a wand of random effects (16)
Scrolls
 g - 2 scrolls of remove curse
 i - 2 scrolls of enchant armour
 k - a scroll of enchant weapon {unknown}
 p - 2 scrolls of random uselessness {unknown}
 r - 6 scrolls of identify
 s - 4 scrolls of magic mapping {unknown}
Potions
 f - 3 potions of agility {unknown}
 l - 3 potions of curing {unknown}
 m - 2 potions of ambrosia {unknown}
 q - a potion of poison {unknown}
 u - 3 potions of might {unknown}
 x - a potion of berserk rage {unknown}
 z - a potion of heal wounds {unknown}
 A - a potion of resistance {unknown}
Comestibles
 e - 3 bread rations
 h - a beef jerky
 j - 3 fruits


   Skills:
 - Level 2.0 Fighting
 * Level 7.4 Short Blades
 - Level 2.0 Throwing
 * Level 7.3 Dodging
 + Level 9.7 Stealth


You had 8 spell levels left.
You didn't know any spells.

Dungeon Overview and Level Annotations

Branches:
Dungeon (7/15)             Temple (0/1) D:6

Altars:
Fedhas
Gozag
Qazlal
Sif Muna
Trog
Vehumet
Xom
Yredelemnul
The Shining One


Innate Abilities, Weirdness & Mutations

You cannot wear most types of armour.
You are amphibious.
You can wear up to eight rings at the same time.
You can use your tentacles to constrict eight enemies at once.
Your skin changes colour to match your surroundings (Stealth).
Your rubbery body absorbs attacks (AC +1).


Message History

The ogre looks even sicker.
The ogre is moderately wounded.
Firing (i - inventory. (,) - cycle):
c - 5 poisoned needles (quivered)
Press: ? - help, Shift-Dir - straight line, f/p - ogre
Aim: an ogre, wielding a giant club (moderately wounded, slow, poisoned)
You shoot a poisoned needle. The poisoned needle hits the ogre!
The ogre is moderately wounded.
You see here a ring mail.
You kill the ogre!
The centaur shoots an arrow.
The arrow hits you!
* * * LOW HITPOINT WARNING * * *
x2 You see here an arrow.
You are too injured to fight recklessly!
Firing (i - inventory. (,) - cycle):
c - 4 poisoned needles (quivered)
Press: ? - help, Shift-Dir - straight line, f - centaur
Aim: a centaur, wielding a shortbow of velocity You shoot a poisoned needle.
The poisoned needle hits the centaur!
The centaur is poisoned.
The centaur shoots an arrow.
The arrow hits you!
You die...
Your body crumbles into a pile of gold.

########(.......
#.s(cs((...#####
#c##############<
######$#..............
#....#.#.#............
#....#[#.#.#####......
#....#.#.#...###'#####
#....#.#.#...##....###
#....@.#.#...##.......
##.#####.#...##.....##
#.# #.#.......##.# #.#
#.##########.# #.# #.#
#.# #.# #.# #.#
#.#####.# #.#
#.......# #.#
######### #.#


You could see a centaur and a scorpion.

Vanquished Creatures
  5 yaks (D:7)
  A black bear (D:5)
  An ice beast (D:5)
  3 ogres
  A scorpion (D:4)
  A water moccasin skeleton (D:7)
  A crimson imp (D:7)
  Ijyb (D:2)
  A centaur skeleton (D:5)
  4 hounds (D:4)
  An orc priest (D:7)
  A giant frog skeleton (D:7)
  An orc wizard (D:4)
  5 worker ants
  Terence (D:2)
  Natasha (D:4)
  2 iguanas (D:4)
  A hound zombie (D:7)
  Robin (D:2)
  6 adders
  4 gnolls (D:2)
  A shadow imp (D:7)
  2 oozes (D:2)
  An adder skeleton (D:4)
  6 worms
  A giant gecko (D:4)
  13 orcs
  2 giant cockroaches (D:2)
  13 goblins
  13 hobgoblins
  5 kobolds
  7 quokkas
  4 ball pythons
  7 bats
  A giant gecko skeleton (D:3)
  2 giant newts
  4 jackals
  A quokka zombie (D:6)
  13 rats
139 creatures vanquished.

Notes
Turn   | Place    | Note
--------------------------------------------------------------
     0 | D:1      | Clownie the Octopode Assassin began the quest for the Orb.
     0 | D:1      | Reached XP level 1. HP: 14/14 MP: 1/1
   386 | D:1      | Reached XP level 2. HP: 17/19 MP: 2/2
   752 | D:1      | Reached XP level 3. HP: 16/24 MP: 3/3
  1146 | D:2      | Noticed Ijyb
  1158 | D:2      | Killed Ijyb
  1158 | D:2      | Reached XP level 4. HP: 19/29 MP: 4/4
  1412 | D:2      | Found a shimmering altar of Xom.
  1429 | D:2      | Noticed Terence
  1431 | D:2      | Killed Terence
  1437 | D:2      | Reached skill level 6 in Stealth
  1471 | D:2      | Found a blossoming altar of Fedhas.
  1477 | D:2      | Reached XP level 5. HP: 24/34 MP: 5/5
  1879 | D:2      | Noticed Robin
  1906 | D:2      | Killed Robin
  2702 | D:2      | Noticed a moth of wrath
  2705 | D:2      | Found a bloodstained altar of Trog.
  3055 | D:2      | Reached XP level 6. HP: 36/39 MP: 6/6
  3228 | D:3      | Found an opulent altar of Gozag.
  3277 | D:3      | Found a faded altar to an unknown god.
  3427 | D:3      | Became a worshipper of Gozag Ym Sagoz the Greedy
  3619 | D:3      | Found a radiant altar of Vehumet.
  3623 | D:3      | Found a deep blue altar of Sif Muna.
  3701 | D:4      | Reached skill level 7 in Stealth
  3717 | D:4      | You fall through a shaft for 3 floors!
  3728 | D:7      | Noticed a yak
  3729 | D:7      | Noticed a yak
  3730 | D:7      | Noticed a yak
  3731 | D:7      | Noticed a yak
  3749 | D:7      | Killed a yak
  3753 | D:7      | Noticed a yak
  3755 | D:7      | Killed a yak
  3755 | D:7      | Reached XP level 7. HP: 45/45 MP: 7/7
  3761 | D:7      | Killed a yak
  3761 | D:7      | Reached skill level 5 in Short Blades
  3761 | D:7      | Reached skill level 5 in Dodging
  3770 | D:7      | Killed a yak
  3770 | D:7      | Reached skill level 8 in Stealth
  3777 | D:7      | Killed a yak
  3777 | D:7      | Reached XP level 8. HP: 16/50 MP: 8/8
  4278 | D:6      | Found a staircase to the Ecumenical Temple.
  4432 | D:5      | Entered Level 5 of the Dungeon
  4574 | D:4      | Found a blossoming altar of Fedhas.
  4894 | D:4      | Reached skill level 9 in Stealth
  4999 | D:4      | Found a glowing golden altar of the Shining One.
  5002 | D:4      | Found a stormy altar of Qazlal.
  5005 | D:4      | Found a basalt altar of Yredelemnul.
  5320 | D:4      | Noticed Natasha
  5322 | D:4      | Killed Natasha
  5707 | D:5      | Reached XP level 9. HP: 54/54 MP: 9/9
  6078 | D:5      | Shot with an arrow by a centaur

Action                   |  1- 3 |  4- 6 |  7- 9 || total
-------------------------+-------+-------+-------++-------
Melee: Dagger            |    44 |   152 |   132 ||   328
 Fire: Blowgun           |     1 |     8 |     7 ||    16
Invok: Potion Petition   |       |     1 |       ||     1
  Use: Scroll            |       |     2 |       ||     2
       Potion            |       |       |     1 ||     1
 Stab: Sleeping          |     4 |    20 |    15 ||    39
       Distracted        |     1 |     1 |     2 ||     4
  Eat: Chunk             |     1 |     7 |       ||     8
       Meat ration       |       |       |     1 ||     1
       Royal jelly       |       |       |     1 ||     1
